Map: [ESL] Crimson Court

Players

MaNa - Winner!

  • Race: Protoss Protoss
  • Spawn Location: 1:00

Reynor

  • Race: Zerg Zerg
  • Spawn Location: 7:00

Event: ESL SC2 Masters 2024 Spring (Regional)

VOD

Have the link to the VOD?

Description

Time

  • Played on: April 26, 2024, 9:47 a.m.
  • Length: 9:46

All games in this series

Show
View Real Time Build Order
Export as new Build Order

MaNa Protoss - Winner!

Build Orders: 1 Gate Expand, Colossus Rush 

Get SALT Encoding   

  12  0:00  Probe  
  13  0:12  Probe  
  14  0:21  Pylon  
  14  0:24  Probe  
  15  0:39  Probe (Chrono Boost)  
  16  0:46  Gateway  
  16  0:47  Probe (Chrono Boost)  
  17  0:51  Assimilator  
  17  0:53  Probe (Chrono Boost)  
  18  1:05  Probe (Chrono Boost)  
  19  1:13  Probe (Chrono Boost)  
  20  1:20  Probe  
  21  1:31  Nexus  
  21  1:41  Cybernetics Core  
  21  1:44  Probe  
  22  1:51  Assimilator  
  22  1:56  Pylon  
  22  1:59  Probe  
  23  2:14  Probe  
  24  2:16  Adept (Chrono Boost)  
  24  2:17  Robotics Facility  
  26  2:25  Warp Gate  
  26  2:26  Probe  
  27  2:37  Adept (Chrono Boost)  
  27  2:38  Probe  
  27  2:43  Probe  
  31  2:50  Probe  
  32  2:55  Probe  
  33  3:02  Probe  
  34  3:05  Robotics Bay  
  34  3:07  Probe  
  34  3:11  Observer (Chrono Boost)  
  35  3:15  Probe  
  35  3:19  Probe  
  38  3:21  Stalker  
  38  3:26  Gateway  
  41  3:30  Pylon  
  41  3:33  Warp Prism (Chrono Boost)  
  42  3:36  Probe  
  42  3:38  Probe  
  44  3:48  Probe  
  44  3:49  Assimilator  
  44  3:50  Assimilator  
  44  3:51  Probe  
  46  4:00  Gravitic Drive  
  46  4:02  Disruptor (Chrono Boost), Probe  
  47  4:03  Probe  
  47  4:07  Pylon  
  52  4:13  Adept  
  54  4:24  Probe x2  
  54  4:27  Adept  
  56  4:33  Shield Battery  
  56  4:34  Disruptor (Chrono Boost)  
  56  4:36  Probe  
  61  4:39  Probe  
  62  4:54  Pylon  
  62  5:06  Pylon  
  62  5:09  Colossus (Chrono Boost)  
  70  5:16  Pylon  
  70  5:17  Sentry  
  70  5:25  Gateway  
  70  5:26  Gateway  
  70  5:30  Nexus  
  70  5:32  Pylon  
  70  5:35  Observer, Probe x2  
  68  5:39  Sentry  
  68  5:41  Sentry  
  72  5:47  Probe x2  
  72  5:48  Disruptor (Chrono Boost)  
  78  5:59  Probe x2  
  78  6:02  Twilight Council  
  80  6:10  Stalker x2  
  84  6:12  Probe  
  84  6:17  Pylon  
  85  6:18  Gateway  
  85  6:20  Gateway  
  85  6:21  Immortal (Chrono Boost)  
  85  6:25  Probe x2  
  91  6:38  Stalker x3  
  96  6:40  Zealot  
  96  6:44  Probe x2  
  100  6:48  Blink (Chrono Boost)  
  100  6:54  Observer (Chrono Boost)  
  101  7:03  Stalker x4  
  101  7:04  Probe  
  101  7:05  Probe  
  111  7:10  Disruptor  
  111  7:15  Pylon  
  115  7:26  Pylon  
  115  7:27  Pylon  
  115  7:31  Stalker  
  115  7:32  Stalker x2  
  115  7:33  Stalker x2  
  125  7:46  Sentry  
  127  8:00  Stalker x5  
  137  8:05  Observer  
  137  8:12  Stalker  
  137  8:16  Pylon  
  137  8:19  Pylon  
  137  8:23  Pylon  
  137  8:25  Stalker x2  
  141  8:35  Stalker x4  
  145  8:56  Stalker x2  
  145  8:58  Stalker x3  
  127  9:11  Probe x2  
  121  9:22  Stalker x5  
Show
View Real Time Build Order
Export as new Build Order

Reynor Zerg 

Build Orders: Hatch First 

Get SALT Encoding   

  12  0:00  Drone  
  13  0:12  Overlord  
  13  0:16  Drone  
  14  0:31  Drone x2  
  16  0:46  Drone  
  17  0:51  Hatchery  
  17  0:54  Drone  
  17  0:59  Drone  
  18  1:08  Extractor  
  17  1:13  Spawning Pool  
  17  1:17  Drone  
  17  1:19  Drone  
  18  1:28  Drone  
  19  1:40  Drone  
  20  1:50  Overlord  
  20  2:00  Queen  
  22  2:03  Zergling x2, Queen  
  22  2:04  Drone  
  26  2:11  Zergling x2  
  26  2:14  Metabolic Boost, Drone  
  28  2:23  Zergling x2  
  28  2:24  Drone  
  30  2:33  Overlord  
  30  2:35  Zergling x2  
  31  2:39  Queen  
  31  2:43  Drone  
  34  2:52  Hatchery  
  34  2:55  Zergling x2  
  34  2:57  Drone  
  35  2:58  Drone  
  36  3:06  Queen  
  36  3:10  Spore Crawler  
  38  3:13  Overlord  
  38  3:14  Drone  
  40  3:20  Drone x3  
  40  3:22  Drone  
  43  3:28  Unknown  
  43  3:29  Queen  
  43  3:34  Overlord  
  44  3:36  Drone  
  44  3:39  Drone  
  47  3:41  Drone  
  47  3:48  Roach Warren, Drone  
  48  3:50  Drone  
  48  3:55  Zergling x6  
  51  3:59  Overlord  
  51  4:01  Drone  
  52  4:03  Zergling x2  
  52  4:08  Zergling x4  
  55  4:13  Spore Crawler  
  55  4:15  Drone  
  54  4:25  Overlord  
  54  4:26  Drone x2  
  54  4:28  Drone  
  54  4:29  Spore Crawler, Lair  
  56  4:33  Drone  
  56  4:34  Drone  
  56  4:38  Drone x3  
  61  4:39  Overlord  
  61  4:45  Drone x2  
  63  4:49  Roach  
  63  4:50  Roach x2  
  68  4:55  Roach x2  
  68  4:57  Overlord  
  72  5:02  Drone x2  
  72  5:05  Roach x2  
  78  5:10  Queen  
  78  5:13  Drone  
  78  5:14  Overlord  
  81  5:17  Overlord  
  81  5:21  Drone x3  
  81  5:28  Overlord  
  84  5:31  Drone  
  84  5:32  Drone x2  
  84  5:35  Drone x3  
  81  5:36  Glial Reconstitution  
  81  5:38  Roach x2  
  81  5:40  Overseer  
  85  5:45  Drone x2  
  85  5:46  Extractor  
  86  5:54  Drone  
  86  5:57  Roach x7  
  95  5:59  Overlord  
  103  6:04  Roach x2  
  103  6:08  Overlord  
  103  6:12  Drone x4  
  103  6:16  Drone, Extractor  
  103  6:17  Extractor, Spire  
  105  6:21  Drone x4  
  105  6:24  Overlord  
  109  6:28  Evolution Chamber  
  109  6:32  Overlord  
  108  6:35  Roach x4  
  108  6:39  Drone x2  
  116  6:50  Drone, Hatchery  
  116  6:51  Drone x2  
  118  6:54  Overlord  
  118  6:59  Drone  
  117  7:02  Zerg Melee Weapons Level 1  
  117  7:10  Overlord  
  117  7:18  Roach x8  
  117  7:20  Zergling x8  
  117  7:22  Ravager x4  
  133  7:24  Roach  
  133  7:25  Overlord  
  133  7:29  Roach  
  137  7:30  Zerg Flyer Weapons Level 1  
  137  7:31  Zergling x2  
  137  7:32  Roach x2  
  137  7:35  Overlord  
  142  7:42  Roach x3, Zergling x8  
  145  7:44  Ravager x3  
  145  7:45  Roach  
  145  7:49  Zergling x4  
  152  7:57  Roach  
  154  8:03  Roach x3, Zergling x10  
  159  8:07  Overlord  
  157  8:13  Mutalisk x2  
  157  8:14  Mutalisk x2  
  157  8:17  Overlord  
  164  8:20  Mutalisk  
  164  8:22  Zergling x4  
  164  8:25  Roach  
  167  8:28  Roach x2, Zergling x2  
  167  8:31  Roach x2, Zergling x2  
  167  8:43  Roach x10  
  167  8:50  Roach x2  
  167  8:53  Roach  
  166  8:58  Roach x2  
  166  9:01  Roach x4  
  165  9:08  Roach x5, Zergling x2  
  140  9:14  Roach  
  140  9:16  Roach  
  112  9:21  Roach x2  
  102  9:26  Zergling x2  
Tags
 
Add a new tag
Caveats
  • Supply blocks, unpowered buildings, or Contaminate may cause inaccurate times.
  • Supply counts are checked every 10 seconds.